 Dungeon Crawl Stone Soup version 0.27.1-34-g3ba077fa99 (webtiles) character file.

Game seed: 10993648184761789891

5 Descartes the Grasshopper (level 1, -1/11 HPs)
             Began as a Spriggan Warper on Jan 9, 2022.
             Slain by a goblin (3 damage)
             ... on level 1 of the Dungeon.
             The game lasted 00:01:21 (238 turns).

Descartes the Grasshopper (Spriggan Warper)          Turns: 238, Time: 00:01:21

Health: -1/11      AC:  2    Str:  7    XL:     1   Next: 66%
Magic:  5/5        EV: 17    Int: 14    God:
Gold:   15         SH:  0    Dex: 14    Spells: 5/5 levels left

rFire    . . .     SeeInvis +   a - +0 short sword
rCold    . . .     Faith    .   (shield restricted)
rNeg     . . .     Spirit   .   b - +0 robe
rPois    .         Reflect  .   (helmet restricted)
rElec    .         Harm     .   (no cloak)
rCorr    .         Rampage  .   (gloves unavailable)
Will     .....                  (boots unavailable)
Stlth    ++........             (no amulet)
HPRegen  0.03/turn              (no ring)
MPRegen  0.09/turn              (no ring)

@: very quick
A: very small, no large weapons, unfitting armour, see invisible, speed 3
a: no special abilities


You were on level 1 of the Dungeon.
You visited 1 branch of the dungeon, and saw 1 of its levels.

You collected 15 gold pieces.

Inventory:

Hand Weapons
 a - a +0 short sword (weapon)
Missiles
 d - 5 boomerangs of dispersal (quivered)
 e - 13 sling bullets
Armour
 b - a +0 robe (worn)
Scrolls
 c - a scroll of blinking
Potions
 f - a potion of haste {unknown}


   Skills:
 + Level 1.7 Fighting
 + Level 2.2 Short Blades
 - Level 1.0 Throwing
 + Level 3.2 Dodging
 + Level 0.6 Stealth
 + Level 2.8 Spellcasting
 + Level 4.4 Translocations


You had 5 spell levels left.
You didn't know any spells.
Your spell library contained the following spells:

 Spells                   Type           Power      Damage    Failure   Level
 Blink                    Tloc           N/A        N/A       5%          2
 Gell's Gravitas          Tloc           7%         N/A       11%         3
 Lesser Beckoning         Tloc           7%         N/A       11%         3
 Teleport Other           Tloc           14%        N/A       11%         3
 Manifold Assault         Tloc           14%        N/A       67%         5


Dungeon Overview and Level Annotations

Branches:
Dungeon (1/15)

Altars:


Innate Abilities, Weirdness & Mutations

You are very small and have problems with some larger weapons.
You are too small for most types of armour.
You have supernaturally acute eyesight. (SInv)
You cover ground extremely quickly. (Speed+++)


Message History

You hit the endoplasm but do no damage. The endoplasm closely misses you.
The goblin misses you.
You hit the endoplasm.
The endoplasm is heavily wounded.
The endoplasm hits you but does no damage.
The goblin misses you. The goblin closely misses you.
You hit the endoplasm.
You kill the endoplasm!
The goblin hits you with a +0 dagger. x2
* * * LOW HITPOINT WARNING * * *
You are too injured to fight recklessly!
You are too injured to fight recklessly!
A goblin opens the door.
You see here a ball python corpse.
A goblin is nearby!
Unknown command.
You hit the goblin but do no damage. The goblin barely misses you.
You hit the goblin.
The goblin is severely wounded.
The goblin hits you but does no damage.
You miss the goblin.
The goblin is severely wounded.
The goblin hits you with a +0 dagger.
* * * LOW HITPOINT WARNING * * *
You hit the goblin.
You kill the goblin!
You hit the goblin.
The goblin is severely wounded.
The goblin barely misses you.
You closely miss the goblin.
The goblin is severely wounded.
The goblin misses you.
You hit the goblin but do no damage.
The goblin is severely wounded.
The goblin hits you with a +0 dagger.
* * * LOW HITPOINT WARNING * * *
You closely miss the goblin.
The goblin is severely wounded.
The goblin hits you with a +0 dagger.
You die...

##............... #......g###+###
#...#..#.<.#..#...#..............
##.......).......####+#..........
#....#.#.#.#...#.. #....#........
##...........#...# #......>......
#.....#....#...... #.............
##.......#.......###.........#...
#......#..........#..........#.#.
##..............@##....##....# #
.#.#.#.#.#.#.#.#gJ.#+###....#
#.## ############.#............
..[.................
##..###.............
................ .#..............
#.............. #..............


You could see an endoplasm and a goblin.

Vanquished Creatures
  An endoplasm (D:1)
  A goblin (D:1)
  A quokka (D:1)
  A ball python (D:1)
  A frilled lizard (D:1)
5 creatures vanquished.

Notes
Turn   | Place    | Note
-------+----------+-------------------------------------------
     0 | D:1      | Descartes the Spriggan Warper began the quest for the Orb.
     0 | D:1      | Reached XP level 1. HP: 10/10 MP: 5/5
   238 | D:1      | Slain by a goblin

Illustrated notes

Levels and vault maps discovered:
D:1:      co_arrival_square_in_a_square_in_a_square, layout_basic

Action                   || total
-------------------------++-------
Melee: Short sword       ||    23
Armor: Robe              ||     4
Dodge: Dodged            ||    18
